 Dungeon Crawl Stone Soup version 0.17-a0-849-g0c87caa (webtiles) character file.

88 FedoraBrony69 the Grave Robber (level 4, -1/24 HPs)
             Began as a Deep Elf Necromancer on Apr 27, 2015.
             Slain by Crazy Yiuf
             ... wielding a +4 quarterstaff of chaos
              (12 damage)
             ... on level 2 of the Dungeon.
             The game lasted 00:05:16 (1811 turns).

FedoraBrony69 the Grave Robber (DENe)               Turns: 1811, Time: 00:05:17

Health: -1/24      AC:  2    Str:  5    XL:     4   Next: 30%
Magic:  9/12       EV: 13    Int: 21    God:
Gold:   72         SH:  0    Dex: 15    Spells: 3 memorised, 7 levels left

rFire  . . .     SeeInvis .     r - +0 glaive
rCold  . . .     Clarity  .     a - +0 robe
rNeg   . . .     SustAb   .     (no shield)
rPois  .         Gourm    .     (no helmet)
rElec  .         Spirit   .     (no cloak)
rCorr  .         Warding  .     (no gloves)
rMut   .         Stasis   .     (no boots)
MR     .....                    (no amulet)
Stlth  ++........               (no ring)
                                (no ring)

@: not resistant to hostile enchantments, unstealthy
A: no striking features
a: no special abilities


You were on level 2 of the Dungeon.
You were hungry.

You visited 1 branch of the dungeon, and saw 2 of its levels.

You collected 72 gold pieces.

Inventory:

Hand weapons
 d - a +0 mace
 r - a +0 glaive (weapon)
Armour
 a - a +0 robe (worn)
Jewellery
 t - an uncursed ring of fire {unknown}
Magical devices
 w - a wand of random effects (27)
Scrolls
 e - 2 scrolls of identify {unknown}
 f - 2 scrolls of recharging {unknown}
 j - a scroll of enchant armour {unknown}
 k - a scroll of immolation {unknown}
 l - a scroll of remove curse {unknown}
 q - a scroll of teleportation {unknown}
 s - a scroll of fog {unknown}
 x - a scroll of fear {unknown}
Potions
 h - a potion of invisibility {unknown}
 i - a potion of restore abilities {unknown}
 m - 3 potions of curing {unknown}
 n - 2 potions of cancellation {unknown}
 u - 3 potions of degeneration {unknown}
Books
 b - a book of Necromancy

   Spells                             Type                      Level
   a - Pain                           Necromancy                   1
   b - Animate Skeleton               Necromancy                   1
   c - Vampiric Draining              Necromancy                   3
   d - Regeneration                   Charms/Necromancy            3
   e - Animate Dead                   Necromancy                   4
   f - Control Undead                 Necromancy                   4
Comestibles
 c - 2 bread rations
 g - 3 meat rations
 o - a beef jerky
 p - 2 chunks of flesh
 v - 5 fruits


   Skills:
 - Level 2.4 Dodging
 - Level 2.4 Stealth
 + Level 4.8 Spellcasting
 + Level 6.0 Necromancy


You had 7 spell levels left.
You knew the following spells:

 Your Spells              Type           Power        Failure   Level  Hunger
a - Pain                  Necr           ####         1%          1    None
c - Animate Skeleton      Necr           N/A          1%          1    None
n - Regeneration          Chrm/Necr      ###.......   12%         3    ##.....


Dungeon Overview and Level Annotations

Branches:
Dungeon (2/15)

Altars:
Ashenzari
Cheibriados
Dithmenos
Gozag
Qazlal
Trog

Annotations:
D:2 Crazy Yiuf


Message History

Press: ? - help, Shift-Dir - straight line, f/p - Crazy Yiuf
Aim: Crazy Yiuf, wielding a quarterstaff of chaos and wearing a cloak (heavily wounded, chance 89%) Crazy Yiuf convulses in agony!
Crazy Yiuf screams, "Fluff!
Snower seventy head."
Attack whom?
Press: ? - help, Dir - move target cursor, f/p - Crazy Yiuf
Aim: Crazy Yiuf, wielding a quarterstaff of chaos and wearing a cloak (almost dead)
You reach to attack!
You closely miss Crazy Yiuf.
Crazy Yiuf is almost dead.
Attack whom?
Press: ? - help, Dir - move target cursor, f/p - Crazy Yiuf
Aim: Crazy Yiuf, wielding a quarterstaff of chaos and wearing a cloak (almost dead)
You barely miss Crazy Yiuf.
Crazy Yiuf is almost dead.
Crazy Yiuf cries, "Shadow high dark!"
Crazy Yiuf hits you with a quarterstaff of chaos!
Crazy Yiuf freezes you.
Crazy Yiuf hits you with a quarterstaff of chaos!
Ouch! That really hurt!
You die...

#######......#
...#........
.............#
............
.......#######
##.##....... .......#
####......# .......#
#........## .......# ###
####.......... .......#
#)..# ##....#.....##.
.......#
#.....####.......#...##.
.......#
#g@#........<.>.##.
.......#
###.#..............
.......#
#######...#.#.#..
.......# #.....#.#..
.......###
#########.....#.#..
.........#
#........#....#.#..
##.......#
#...##........#.#.#
#######.#
#.......##.#..###.# #.#
#....##.##.........


You could see Crazy Yiuf.

Vanquished Creatures
  Ijyb (D:2)
  2 adders (D:2)
  2 giant geckos
  2 ball pythons
  2 giant cockroaches
  3 hobgoblins (D:1)
  5 kobolds
  6 bats
  4 giant newts (D:2)
  7 goblins
  8 rats
42 creatures vanquished.

Notes
Turn   | Place    | Note
--------------------------------------------------------------
     0 | D:1      | FedoraBrony69, the Deep Elf Necromancer, began the quest for the Orb.
     0 | D:1      | Reached XP level 1. HP: 10/10 MP: 6/6
    20 | D:1      | Learned a level 1 spell: Animate Skeleton
    56 | D:1      | Reached skill level 5 in Necromancy
   522 | D:1      | Reached XP level 2. HP: 13/15 MP: 5/8
  1200 | D:2      | Reached XP level 3. HP: 8/19 MP: 4/10
  1211 | D:2      | Learned a level 3 spell: Regeneration
  1493 | D:2      | Found a bloodstained altar of Trog.
  1514 | D:2      | Noticed an earth elemental
  1516 | D:2      | Found a stormy altar of Qazlal.
  1517 | D:2      | Noticed a fire elemental
  1517 | D:2      | Noticed an air elemental
  1517 | D:2      | Noticed a water elemental
  1603 | D:2      | Found an opulent altar of Gozag.
  1605 | D:2      | Found a shadowy altar of Dithmenos.
  1605 | D:2      | Noticed Ijyb
  1613 | D:2      | Killed Ijyb
  1613 | D:2      | Reached skill level 6 in Necromancy
  1613 | D:2      | Reached XP level 4. HP: 24/24 MP: 3/12
  1622 | D:2      | Found a shattered altar of Ashenzari.
  1624 | D:2      | Found a snail-covered altar of Cheibriados.
  1805 | D:2      | Noticed Crazy Yiuf
  1811 | D:2      | Slain by Crazy Yiuf

Action                   |  1- 3 |  4- 6 || total
-------------------------+-------+-------++-------
Melee: Glaive            |     1 |     2 ||     3
 Cast: Pain              |    56 |    10 ||    66
       Animate Skeleton  |    13 |     1 ||    14
       Regeneration      |     1 |       ||     1
  Eat: Chunk             |     2 |       ||     2
